 Dungeon Crawl Stone Soup version 0.18-a0-1348-g32b6e23 (webtiles) character file.

1766 Herrn the Skirmisher (level 9, -6/80 HPs)
             Began as a Naga Fire Elementalist on Feb 18, 2016.
             Was a Believer of Cheibriados.
             Mangled by a centaur (8 damage)
             ... on level 6 of the Dungeon.
             The game lasted 00:34:33 (7291 turns).

Herrn the Skirmisher (Naga Fire Elementalist)       Turns: 7291, Time: 00:34:34

Health: -6/80      AC:  7    Str: 17    XL:     9   Next: 7%
Magic:  14/14      EV:  9    Int: 30    God:    Cheibriados [**....]
Gold:   189        SH:  0    Dex: 17    Spells: 2 memorised, 10 levels left

rFire  . . .     SeeInvis +     v - +0 battleaxe (venom) (curse)
rCold  . . .     Gourm    .     E - +0 scale mail
rNeg   + . .     Faith    .     (shield currently unavailable)
rPois  +         Spirit   .     (no helmet)
rElec  .         Dismiss  .     z - +0 cloak
rCorr  .         Reflect  .     (no gloves)
SustAt .         Harm     .     (no barding)
MR     +....                    f - amulet of magic regeneration
Stlth  +.........               B - ring of wizardry
                                q - ring of positive energy

@: brilliant, very slow, somewhat resistant to hostile enchantments, very
unstealthy
A: see invisible, deformed body, poison resistance, slowness 2, slow metabolism
1, spit poison 2, AC +3
a: Spit Poison, Bend Time, Renounce Religion


You were on level 6 of the Dungeon.
You worshipped Cheibriados.
Cheibriados was pleased with you.
You were not hungry.

You visited 2 branches of the dungeon, and saw 7 of its levels.

You collected 189 gold pieces.

Inventory:

Hand Weapons
 i - a +0 hand axe
 l - a +0 morningstar
 v - a cursed +0 battleaxe of venom (weapon)
Armour
 a - a +0 robe
 z - a +0 cloak (worn)
 E - a +0 scale mail (worn)
Jewellery
 f - an amulet of magic regeneration (around neck)
 q - a ring of positive energy (left hand)
 B - a ring of wizardry (right hand)
Wands
 t - a wand of digging (7/24)
Scrolls
 d - 2 scrolls of blinking
 e - 3 scrolls of enchant armour
 h - 3 scrolls of fear
 j - a scroll of remove curse
 k - 2 scrolls of enchant weapon
 r - 3 scrolls of immolation
 y - 2 scrolls of magic mapping
Books
 b - a book of Flames

   Spells                             Type                      Level
   a - Flame Tongue                   Conjuration/Fire             1
   b - Throw Flame                    Conjuration/Fire             2
   c - Conjure Flame                  Conjuration/Fire             3
   d - Inner Flame                    Hexes/Fire                   3
   e - Sticky Flame                   Conjuration/Fire             4
   f - Fireball                       Conjuration/Fire             5
 m - a book of the Warp

   Spells                             Type                      Level
   a - Recall                         Summoning/Translocation      3
   b - Gell's Gravitas                Hexes/Translocation          3
   c - Force Lance                    Conjuration/Translocation    4
   d - Warp Weapon                    Charms/Translocation         5
   e - Summon Forest                  Summoning/Translocation      5
Comestibles
 c - 7 bread rations
 p - a meat ration


   Skills:
 * Level 4.9 Fighting
 * Level 4.3 Axes
 + Level 2.6 Armour
 + Level 4.1 Dodging
 - Level 3.0 Stealth
 + Level 3.5 Spellcasting
 * Level 4.7 Conjurations
 + Level 4.7 Fire Magic


You had 10 spell levels left.
You knew the following spells:

 Your Spells              Type           Power        Failure   Level  Hunger
a - Flame Tongue          Conj/Fire      #####        1%          1    None
b - Sticky Flame          Conj/Fire      ######..     4%          4    ####...


Dungeon Overview and Level Annotations

Branches:
Dungeon (6/15)             Temple (1/1) D:4

Altars:
Ashenzari
Cheibriados
Elyvilon
Fedhas
Gozag
Makhleb
Okawaru
Pakellas
Ru
Sif Muna
Trog
Vehumet
Xom
Yredelemnul
Zin

Shops:
D:3 *

Annotations:
D:2 Sigmund
D:4 Squibie's ghost, amateur DsGl


Innate Abilities, Weirdness & Mutations

You cannot wear boots.
Your serpentine skin is tough (AC +3).
You have supernaturally acute eyesight.
Armour fits poorly on your strangely shaped body.
Your system is resistant to poisons.
You cover ground very slowly.
You have a slow metabolism.
You can spit poison.


Message History

Unknown command.
You slash the centaur!
The centaur is poisoned.
The centaur is moderately wounded.
You kill the worker ant!
Cheibriados thoroughly appreciates the change of pace.
Cheibriados raises the support of your attributes as your movement slows.
The centaur hits you.
* * * LOW HITPOINT WARNING * * *
The centaur hits you.
* * * LOW HITPOINT WARNING * * *
You completely miss the centaur.
The centaur is moderately wounded.
The centaur barely misses you.
The centaur hits you but does no damage.
You hit the centaur but do no damage.
The centaur looks even sicker.
The centaur is heavily wounded.
You float gracefully downwards.
You have got your breath back.
The centaur hits you!
You die...

##.#.## #.#.# .. #
##.## #.#.#.. .
#.######.#.#. .
#......#.#.. ..
######.#.#.# .#
#.#.#.# ..#
#####.#...# ..
#.........####.####.
#.###.#.#(.@c.......
#.#.#####.......
....# ....... ##.###
....... #.# .....#.
#.. ...S... ..
.c..... ....##.


You could see a centaur.

Vanquished Creatures
  Prince Ribbit (D:6)
  Eustachio (D:6)
  2 steam dragons (D:5)
  Edmund (D:6)
  A water moccasin (D:6)
  A necrophage (D:6)
  2 giant frogs
  2 scorpions (D:4)
  4 wights
  A giant frog zombie (D:4)
  2 crimson imps
  An orc priest (D:4)
  A hound (D:6)
  2 worker ants
  A worker ant zombie (D:5)
  4 gnolls
  9 adders
  A shadow imp (D:5)
  2 adder skeletons
  2 worms
  4 giant geckos
  10 orcs
  7 bats
  7 giant cockroaches
  7 goblins
  12 hobgoblins
  8 jackals
  9 kobolds
  A quokka (D:3)
  A giant gecko skeleton (D:5)
  9 giant newts
  2 jackal skeletons
  A quokka skeleton (D:5)
  10 rats
129 creatures vanquished.

Vanquished Creatures (others)
  A fungus (D:5)
1 creature vanquished.

Grand Total: 130 creatures vanquished

Notes
Turn   | Place    | Note
--------------------------------------------------------------
     0 | D:1      | Herrn the Naga Fire Elementalist began the quest for the Orb.
     0 | D:1      | Reached XP level 1. HP: 15/15 MP: 3/3
   128 | D:1      | Reached XP level 2. HP: 21/24 MP: 3/5
   730 | D:1      | Reached XP level 3. HP: 30/30 MP: 6/6
  1131 | D:2      | Reached skill level 1 in Fighting
  1145 | D:2      | Noticed Sigmund
  1454 | D:2      | Reached XP level 4. HP: 38/38 MP: 7/7
  1822 | D:3      | Noticed a giant frog
  1852 | D:3      | Found an opulent altar of Gozag.
  1856 | D:3      | Killed a giant frog
  1856 | D:3      | Reached skill level 1 in Axes
  1856 | D:3      | Reached XP level 5. HP: 33/44 MP: 5/8
  1929 | D:3      | Found Gozag's Platinum Reserve.
  2089 | D:3      | Found a shattered altar of Ashenzari.
  2260 | D:3      | Reached skill level 4 in Fire Magic
  2610 | D:4      | Found a staircase to the Ecumenical Temple.
  2619 | Temple   | Entered the Ecumenical Temple
  2825 | Temple   | Became a worshipper of Cheibriados the Contemplative
  2849 | D:4      | Reached XP level 6. HP: 51/51 MP: 5/10
  2863 | D:4      | Noticed Squibie's ghost (amateur DsGl)
  3450 | D:4      | Reached * piety under Cheibriados
  3577 | D:4      | Learned a level 4 spell: Sticky Flame
  3578 | D:4      | Found a bloodstained altar of Trog.
  3601 | D:4      | Found an iron altar of Okawaru.
  3889 | D:5      | Entered Level 5 of the Dungeon
  4021 | D:4      | Reached XP level 7. HP: 42/60 MP: 11/11
  4631 | D:5      | Noticed a steam dragon
  4633 | D:5      | Noticed a steam dragon
  4640 | D:5      | Killed a steam dragon
  4648 | D:5      | Killed a steam dragon
  5444 | D:5      | Reached XP level 8. HP: 58/72 MP: 12/12
  5529 | D:5      | Found a deep blue altar of Sif Muna.
  5649 | D:5      | Reached ** piety under Cheibriados
  6131 | D:6      | Noticed Prince Ribbit
  6158 | D:6      | Killed Prince Ribbit
  6717 | D:6      | Reached skill level 1 in Armour
  6718 | D:6      | Noticed Eustachio
  6747 | D:6      | Killed Eustachio
  7260 | D:6      | Noticed Edmund
  7278 | D:6      | Killed Edmund
  7284 | D:6      | Reached XP level 9. HP: 17/80 MP: 14/14
  7289 | D:6      | HP: 1/80 [centaur (4)]
  7291 | D:6      | Mangled by a centaur

Vault maps used:
D:1:      roderic_chinese_lattice_arrival
D:2:      first_bread, uniq_sigmund
D:3:      ashenzari_altar_1, grunt_ministairs_8, nicolae_gozag_zags_fifth_avenue
D:4:      grunt_temple_overflow_bloody_war, temple_pool_b
D:5:      kennysheep_steamy, basic_altar
D:6:      old_standard_altar, hangedman_decor_growths, uniq_edmund,
          uniq_eustachio, uniq_prince_ribbit1
Temple:   oiseaux_autumnal_temple_12

Action                   |  1- 3 |  4- 6 |  7- 9 || total
-------------------------+-------+-------+-------++-------
Melee: Unarmed           |     9 |       |       ||     9
       Hand axe          |       |   101 |    53 ||   154
       Morningstar       |       |       |    82 ||    82
       Battleaxe         |       |       |   101 ||   101
 Cast: Flame Tongue      |    29 |    76 |    30 ||   135
       Sticky Flame      |       |     1 |     4 ||     5
 Abil: Spit Poison       |    42 |    48 |    21 ||   111
  Use: Scroll            |       |     9 |     3 ||    12
       Potion            |       |     3 |     9 ||    12
 Stab: Sleeping          |       |       |     1 ||     1
  Eat: Chunk             |     3 |     9 |     2 ||    14
       Beef jerky        |       |     1 |       ||     1
       Meat ration       |       |       |     1 ||     1
